AoeStats
← gazza17

Socotra

505648141Analyzed
4v4 RM · 2mo ago on Sep 10, 2026· 21m 34s· 8 players
Game mode
Random Map
Map size
148×148
Population
200
Speed
Normal
Resources
Standard
Victory
Conquest
Starting age
Dark Age
Ending age
Imperial Age
RankedLock teamsTeams togetherTeam positionsShared explorationLock speedFull tech treeHidden civsTurbo modeCheats
Victory
Defeat
🇨🇳 Armenians · China
884
+18
🇻🇳 Huns · Vietnam
857
+19
🇮🇳 Koreans · India
855
+19
🇨🇳 Huns · China
843
+20
vs
🇨🇳 Magyars · China
942
-19
🇸🇪 Ethiopians · Sweden
942
-20
🇦🇷 Italians · Argentina
914
-19
🇬🇧 Britons · United Kingdom
903
-18
gazza17
9:48 Loom
12:08 Feudal Age
12:49 Gold Mining
12:46 Double-Bit Axe
gädda
1:58 Loom
Loco-Pro
林
syedatun
1:00 Loom
11:11 Feudal Age
LE MINH NHAT
11:22 Feudal Age
12:15 Double-Bit Axe
17:49 Castle Age
WES.007
12:19 Feudal Age
13:18 Double-Bit Axe
20:53 Castle Age
19:50 Bloodlines
20:01 Scale Barding Armor
21:01 Forging
aszsgs
1:05 Loom
11:05 Feudal Age
11:55 Double-Bit Axe
11:54 Horse Collar
12:25 Gold Mining
13:37 Wheelbarrow
18:22 Castle Age
17:42 Stone Mining
20:50 Bow Saw
21:33 Heavy Plow
Connection lost

Rejoining the realm…

Still unreachable

The connection could not be restored.

Session expired

The server has moved on; the page needs a fresh start.